 Dungeon Crawl Stone Soup version 0.23.2-1-ga50397a (webtiles) character file.

Game seed: 5867633647849354436

93 dvd the Gusty (level 4, -3/24 HPs)
             Began as a Tengu Air Elementalist on May 16, 2019.
             Killed by divine providence
             ... invoked by an orc priest
              (15 damage)
             ... on level 3 of the Dungeon.
             The game lasted 00:05:19 (1866 turns).

dvd the Gusty (Tengu Air Elementalist)              Turns: 1866, Time: 00:05:19

Health: -3/24      AC:  2    Str:  8    XL:     4   Next: 62%
Magic:  1/9        EV: 13    Int: 17    God:
Gold:   147        SH:  0    Dex: 14    Spells: 0/8 levels left

rFire    . . .     SeeInvis .   d - +1 mace (drain)
rCold    . . .     Gourm    .   (no shield)
rNeg     . . .     Faith    .   a - +0 robe
rPois    .         Spirit   .   (helmet restricted)
rElec    .         Reflect  .   (no cloak)
rCorr    .         Harm     .   (no gloves)
MR       .....                  (boots unavailable)
Stlth    ++........             (no amulet)
HPRegen  0.08/turn              (no ring)
MPRegen  0.11/turn              (no ring)

@: very slightly contaminated
A: beak, talons 3
a: no special abilities


You were on level 3 of the Dungeon.
You were not hungry.

You visited 1 branch of the dungeon, and saw 3 of its levels.

You collected 147 gold pieces.

Inventory:

Hand Weapons
 d - a +1 mace of draining (weapon)
 e - a +0 dagger
Armour
 a - a +0 robe (worn)
Wands
 m - a wand of enslavement (9)
Scrolls
 g - a scroll of teleportation
 i - 3 scrolls of identify
Potions
 b - 2 potions of resistance
 h - a potion of degeneration {unknown}
 k - 2 potions of heal wounds {unknown}
 l - a potion of berserk rage {unknown}
Comestibles
 c - 4 rations
 f - 2 chunks of flesh


   Skills:
 + Level 0.1 Fighting
 + Level 0.1 Maces & Flails
 + Level 2.4 Dodging
 + Level 2.3 Stealth
 + Level 2.8 Spellcasting
 + Level 2.8 Conjurations
 + Level 5.2 Air Magic


You couldn't memorise any spells.
You knew the following spells:

 Your Spells              Type           Power        Failure   Level  Hunger
a - Shock                 Conj/Air       ###.         3%          1    #......
b - Static Discharge      Conj/Air       ###.....     11%         3    ###....
c - Airstrike             Air            ###.......   21%         4    #####..

Your spell library contained the following spells:

 Spells                   Type           Power        Failure   Level  Hunger
 Swiftness                Chrm/Air       ##......     10%         2    ##.....
 Lightning Bolt           Conj/Air       ###.......   67%         5    ######.


Dungeon Overview and Level Annotations

Branches:
Dungeon (3/15)

Altars:


Innate Abilities, Weirdness & Mutations

You have a beak for a mouth.
You have claws for feet.


Message History

Aim: an orc priest, wielding a +0 flail and wearing a +0 chain mail (severely wounded)
You miscast Shock.
You are very lightly contaminated with residual magic.
Nothing appears to happen.
A frilled lizard comes into view.
The orc completely misses you.
Unknown command.
The hobgoblin hits you with a +0 whip.
Casting: Shock (safe; 3% risk of failure)
Confirm with . or Enter, or press ? or * to list all spells.
You don't have enough magic to cast that spell.
Unknown command.
The orc wizard mumbles some strange words.
The orc wizard flickers and vanishes!
Deactivating autopickup; reactivate with Ctrl-A.
Some of the chunks of flesh in your inventory have rotted away.
The orc priest invokes the aid of Beogh against you.
Beogh smites you!
Ouch! That really hurt!
You die...

########### #.........# ..#
#.........# #.# #######
#.........# #.# #.....####
#.........# #.# #...........
#...=.....## #.# #...........
#..>.......# #.# #...........
#..........####.####...........
#.............@...o')..........
#.........#.###.####...........
#.........#..##o# #....w.S....
#####'########.##.# #..oo.......
.......#######.##g# ####'#).....
.......+..÷.÷...#.#######.#######
.......#######..#...g...o........
######## ##.#########.#######
.....# #........ ....


You could see an orc priest, an orc and a hobgoblin.

Vanquished Creatures
  2 adders
  3 worms
  A dart slug (D:2)
  A leopard gecko (D:3)
  A ball python (D:2)
  6 goblins
  10 hobgoblins
  7 jackals
  A quokka (D:3)
  6 bats
  7 frilled lizards
  8 kobolds
  9 rats
62 creatures vanquished.

Notes
Turn   | Place    | Note
-------+----------+-------------------------------------------
     0 | D:1      | dvd the Tengu Air Elementalist began the quest for the Orb.
     0 | D:1      | Reached XP level 1. HP: 10/10 MP: 4/4
   246 | D:1      | Reached XP level 2. HP: 14/15 MP: 0/6
   674 | D:1      | Reached XP level 3. HP: 19/19 MP: 5/7
   683 | D:1      | Learned a level 3 spell: Static Discharge
   875 | D:2      | Reached skill level 5 in Air Magic
   940 | D:2      | Found a faded altar of an unknown god.
  1084 | D:2      | Reached XP level 4. HP: 6/24 MP: 1/8
  1836 | D:3      | Learned a level 4 spell: Airstrike
  1866 | D:3      | Killed from afar by an orc priest

Skill      XL: |  1  2  3 |
---------------+----------+-----
Conjurations   | 2 |  2.8
Air Magic      | 5 |  5.2
Fighting       | |  0.1
Maces & Flails | |  0.1
Dodging        | |  2.4
Stealth        | |  2.3
Spellcasting   | |  2.8

Action                   |  1- 3 |  4- 6 || total
-------------------------+-------+-------++-------
Melee: Dagger            |     6 |       ||     6
       Peck              |     2 |       ||     2
       Kick              |     4 |     1 ||     5
       Mace              |     4 |    10 ||    14
 Cast: Shock             |    69 |    36 ||   105
       Static Discharge  |       |     1 ||     1
  Use: Scroll            |     3 |     2 ||     5
 Stab: Sleeping          |     1 |       ||     1
  Eat: Chunk             |     1 |     3 ||     4
Armor: Robe              |     6 |     4 ||    10
Dodge: Dodged            |    23 |    17 ||    40
